 Dungeon Crawl Stone Soup version 0.29-a0-477-g62b78b4225 (webtiles) character file.

Game seed: 16719131821035556618

1528 bladeefan the Grappler (level 8, -6/80 HPs)
             Began as a Troll Cinder Acolyte on May 24, 2022.
             Was an Initiate of Jiyva.
             Mangled by a fire elemental (11 damage)
             ... created by the fiery vengeance of Ignis
             ... on level 6 of the Dungeon.
             The game lasted 00:09:10 (4525 turns).

bladeefan the Grappler (Troll Cinder Acolyte)       Turns: 4525, Time: 00:09:11

Health: -6/80      AC:  8    Str: 25    XL:     8   Next: 55%
Magic:  8/8        EV: 10    Int: 10    God:    Jiyva [......]
Gold:   161        SH:  0    Dex:  5    Spells: 9/9 levels left

rFire   . . .      SeeInvis .     - Unarmed
rCold   . . .      Faith    .   (no shield)
rNeg    . . .      Spirit   .   a - +0 robe
rPois   .          Reflect  .   (helmet restricted)
rElec   .          Harm     .   (no cloak)
rCorr   .          Rampage  .   (gloves unavailable)
Will    .....                   (boots unavailable)
Stlth   +.........              (no amulet)
HPRegen 1.03/turn               x - +4 ring of protection
MPRegen 0.11/turn               (no ring)

@: fire susceptible
A: large, unfitting armour, claws 3, regeneration 1, shaggy fur 1, tough skin 1
a: Renounce Religion


You were on level 6 of the Dungeon.
You worshipped Jiyva.
Jiyva was noncommittal.
You visited 1 branch of the dungeon, and saw 6 of its levels.
You also visited: Sewer.

You collected 205 gold pieces.
You spent 44 gold pieces at shops.

Inventory:

Hand Weapons
 o - the +4 flail of the Witching Visionary {vorpal, *Noise *Corrode rPois Dex+9}
   (You found it on level 2 of the Dungeon)

   It inflicts extra damage upon your enemies.
   Dex:       It affects your dexterity (+9).
   rPois:     It protects you from poison.
   *Noise:    It may make noises in combat.
   *Corrode:  It may corrode you when you take damage.
Missiles
 h - a throwing net (quivered) {!f}
Armour
 a - a +0 robe (worn)
Jewellery
 x - a +4 ring of protection (left claw)
   (You found it on level 5 of the Dungeon)
Scrolls
 d - 2 scrolls of enchant armour
 e - a scroll of vulnerability {!r}
 f - a scroll of immolation {!r}
 j - 2 scrolls of enchant weapon
 k - 5 scrolls of teleportation {@r4}
 p - a scroll of poison {!r}
 r - a scroll of blinking {unknown}
 s - a scroll of identify {@r1}
 w - a scroll of amnesia {unknown}
Potions
 b - a potion of attraction {unknown}
 c - 3 potions of haste {unknown}
 g - 5 potions of curing {unknown}
 i - 4 potions of mutation {unknown}
 l - 2 potions of brilliance {unknown}
 n - a potion of experience {unknown}
 t - a potion of degeneration {unknown}
 u - a potion of resistance {unknown}
 v - a potion of might {unknown}


   Skills:
 + Level 5.1 Fighting
 + Level 4.2 Dodging
 * Level 8.2 Unarmed Combat
 - Level 1.0 Spellcasting
 - Level 2.1 Fire Magic


You had 9 spell levels left.
You didn't know any spells.
Your spell library contained the following spells:

 Spells                   Type           Power      Damage    Failure   Level
 Scorch                   Fire           8%         2d5       22%         2
 Confusing Touch          Hex            0%         N/A       71%         3
 Yara's Violent Unravell  Hex/Tmut       0%         3d3       100%        5
 Enfeeble                 Hex            0%         N/A       100%        7


Dungeon Overview and Level Annotations

Branches:
Dungeon (6/15)             Temple (0/1) D:6           Sewer (visited)

Altars:

Shops:
D:3 ?

Annotations:
D:4 2 transporters, dabmancer's ghost, amateur HuWz


Innate Abilities, Weirdness & Mutations

You are too large for most types of armour.
You have claws for hands.
Your natural rate of healing is unusually fast.
You are covered in fur. (AC +1)
You have tough skin. (AC +1)


Message History

The fire elemental hits you. The fire elemental burns you!
The fire elemental hits you. The fire elemental burns you!
You closely miss the fire elemental. The fire elemental hits you.
The fire elemental burns you! The fire elemental hits you.
The fire elemental burns you!
* * * LOW HITPOINT WARNING * * *
The fire elemental hits the withered plant.
The fire elemental burns the withered plant!
You bump into the rock wall.
The fire elemental barely misses you. The fire elemental hits you.
The fire elemental burns you!
* * * LOW HITPOINT WARNING * * *
The fire elemental hits the withered plant.
The withered plant begins to crumble.
The fire elemental burns the withered plant!
The fire elemental barely misses you. The fire elemental misses you.
The fire elemental hits the withered plant.
The fire elemental burns the withered plant!
The fire elemental closely misses you.
The fire elemental hits the withered plant.
The fire elemental burns the withered plant!
The fire elemental barely misses you.
You feel less confused.
The withered plant crumbles away.
You barely miss the fire elemental. The fire elemental closely misses you.
You scratch the fire elemental.
The withered plant crumbles away.
The fire elemental hits you. The fire elemental burns you!
* * * LOW HITPOINT WARNING * * *
You feel much better. The fire elemental hits you.
The fire elemental burns you! The fire elemental closely misses you.
The fire elemental barely misses you.
You claw the fire elemental! The fire elemental hits you.
The fire elemental burns you!
* * * LOW HITPOINT WARNING * * *
The fire elemental barely misses you.
You closely miss the fire elemental.
The fire elemental barely misses you. x2
You claw the fire elemental! The fire elemental hits you.
* * * LOW HITPOINT WARNING * * *
The fire elemental burns you!
* * * LOW HITPOINT WARNING * * *
The fire elemental hits you. The fire elemental burns you!
* * * LOW HITPOINT WARNING * * *
Unknown command.
The fire elemental hits you. The fire elemental burns you!
* * * LOW HITPOINT WARNING * * *
Things that are here:
a +0 short sword; a +0 robe
As you read the scroll of summoning, it crumbles to dust.
Wisps of shadow whirl around you... The fire elemental hits you.
The fire elemental burns you!
You die...

....## ...##.###.#
#.... .##P#...#P.#
#... .##....>....#
#..#..##.P#...#P.#
#....##...##.###.#
#.#.###.###P.P# .#
#)#...........# .
###.###.#####.#######
#....Wo@E.# #.#
#.#.###E#o# #.####
....###E#○###....#
#......☼o..#..>##.##
#....................
#...#####......##.###
... #.........## ..
#..PP..#### #
.....##.#


You could see 3 fire elementals, a friendly phantom (summoned), a friendly orc
priest (summoned) and 2 friendly orcs.

Vanquished Creatures
  Sigmund (D:5)
  A water moccasin (D:5)
  2 ice beasts
  A black bear (D:4)
  A phantom (D:4)
  Blork the orc (D:4)
  A necrophage (D:5)
  3 wights (D:6)
  A hound (D:5)
  2 jellies (Sewer)
  3 iguanas
  Natasha (thrice) (D:3)
  2 orc wizards (D:5)
  A killer bee zombie (D:6)
  6 gnolls
  7 adders
  A river rat (Sewer)
  A white imp (D:4)
  An ufetubus (D:5)
  5 worms
  3 dart slugs
  17 orcs
  19 ball pythons
  6 bats
  14 endoplasms
  7 giant cockroaches
  4 goblins
  7 hobgoblins
  3 jackals (D:1)
  3 kobolds
  6 quokkas
  8 frilled lizards
  8 rats
149 creatures vanquished.

Vanquished Creatures (collateral kills)
  An adder (D:5)
  2 gnolls (D:5)
3 creatures vanquished.

Vanquished Creatures (others)
  A giant cockroach (Sewer)
  2 withered plants (D:6)
3 creatures vanquished.

Grand Total: 155 creatures vanquished

Notes
Turn   | Place    | Note
-------+----------+-------------------------------------------
     0 | D:1      | bladeefan the Troll Cinder Acolyte began the quest for the
                  | Orb.
     0 | D:1      | Reached XP level 1. HP: 22/22 MP: 1/1
   109 | D:1      | Reached XP level 2. HP: 28/29 MP: 2/2
   248 | D:1      | Reached XP level 3. HP: 15/36 MP: 3/3
   528 | D:1      | Reached skill level 1 in Dodging
  1153 | D:2      | Reached skill level 4 in Unarmed Combat
  1196 | D:2      | Reached XP level 4. HP: 44/44 MP: 4/4
  1316 | D:2      | Found a faded altar of an unknown god.
  1414 | D:2      | Identified the +0 pair of boots of Indomitability {Dex+2}
  1770 | D:2      | Identified the +4 flail of the Witching Visionary {vorpal,
                  | *Noise *Corrode rPois Dex+9}
  1922 | D:3      | Found Dobi's Magic Scroll Shoppe.
  1938 | D:3      | Bought a scroll of identify for 22 gold pieces
  1938 | D:3      | Bought a scroll of identify for 22 gold pieces
  1952 | D:3      | Noticed Natasha
  1964 | D:3      | Killed Natasha
  1966 | D:3      | Reached XP level 5. HP: 30/53 MP: 5/5
  2106 | D:3      | Noticed Natasha
  2112 | D:3      | Killed Natasha
  2375 | D:3      | Noticed Natasha
  2382 | D:3      | Killed Natasha
  2464 | D:4      | Noticed Blork the orc
  2474 | D:4      | Killed Blork the orc
  2475 | D:4      | Reached skill level 5 in Unarmed Combat
  2475 | D:4      | Reached XP level 6. HP: 38/61 MP: 6/6
  2726 | D:4      | Found a transporter.
  2739 | D:4      | Noticed dabmancer's ghost (amateur HuWz)
  2784 | D:4      | Found a transporter.
  3369 | D:5      | Entered Level 5 of the Dungeon
  3399 | D:5      | Identified the +5 plate armour of Happy Babbling {rC+}
  3415 | D:5      | Reached skill level 6 in Unarmed Combat
  3436 | D:5      | Reached XP level 7. HP: 68/68 MP: 7/7
  3479 | D:5      | HP: 3/70 [gnoll/+0 flail (7)]
  3645 | D:5      | Noticed Sigmund
  3663 | D:5      | Killed Sigmund
  3671 | D:5      | Reached skill level 7 in Unarmed Combat
  3738 | D:5      | Found a glowing drain.
  3747 | Sewer    | Entered a sewer
  3873 | Sewer    | Reached XP level 8. HP: 49/79 MP: 8/8
  3913 | Sewer    | Found a viscous altar of Jiyva.
  3936 | Sewer    | Fell from the grace of Ignis
  3936 | Sewer    | Became a worshipper of Jiyva Joirhoar the Shapeless
  4392 | D:6      | Found a staircase to the Ecumenical Temple.
  4467 | D:6      | Reached skill level 5 in Fighting
  4467 | D:6      | Reached skill level 8 in Unarmed Combat
  4524 | D:6      | HP: 4/80 [fire elemental[the fiery vengeance of Ignis] (8)]
  4525 | D:6      | Mangled by a fire elemental

Illustrated notes

Levels and vault maps discovered:
D:1:      minmay_arrival_four_circles, layout_basic
D:2:      minmay_razor_zed, layout_basic, shapermc_ecumenical_altar_venn
D:3:      layout_basic, serial_shops, nicolae_shop_advertising_works
          [nicolae_subvault_shop_adworks], uniq_natasha
D:4:      layout_basic, gammafunk_ghost_stat_death, minmay_misc_feat_tower,
          uniq_blork_the_orc
D:5:      layout_basic, portal_sewer_entry_d, grunt_decor_junction,
          chequers_serial_rivers_micro_a, uniq_sigmund
D:6:      layout_loops_ring, minmay_temple_entry_gardened_gates, serial_undead,
          serial_undead_e, serial_undead_d, serial_undead_f, serial_undead_f,
          serial_undead_f

Skill      XL: |  1  2  3  4  5  6  7  8 |
---------------+-------------------------+-----
Dodging        | 1 2 3 4 |  4.2
Unarmed Combat | 4 5 6 7 8 |  8.2
Fighting       | 3 4 5 |  5.1
Spellcasting   | |  1.0
Fire Magic     | |  2.1

Action                   |  1- 3 |  4- 6 |  7- 9 || total
-------------------------+-------+-------+-------++-------
Melee: Unarmed           |   102 |   146 |   169 ||   417
       Punch             |     1 |       |     3 ||     4
  Use: Scroll            |       |    10 |     2 ||    12
       Potion            |       |       |     2 ||     2
Armor: Robe              |    46 |    24 |    49 ||   119
Dodge: Dodged            |    44 |    72 |    87 ||   203

Table legend: (Time is in decaauts)
 A = Elapsed time spent in this place.
 B = Non-inter-level travel time spent in this place.
 C = Inter-level travel time spent in this place.
 D = Time resting spent in this place.
 E = Time spent auto-exploring this place.
 F = Levels seen in this place.
 G = Mean time per level.
                   A        B        C        D        E       F      G
               +--------+--------+--------+--------+--------+-----+--------+
         Total |   4508 |   4165 |    343 |     33 |   3152 |   7 |  644.0 |
       Dungeon |   4202 |   3859 |    343 |     33 |   3028 |   6 |  700.3 |
         Sewer |    305 |    305 |      0 |      0 |    123 |   1 |  305.0 |
               +--------+--------+--------+--------+--------+-----+--------+

Top non-repeatable levels by time:
     D:2: 1060 daAuts
     D:4: 932 daAuts
     D:1: 817 daAuts
     D:5: 723 daAuts
     D:3: 538 daAuts
   Sewer: 305 daAuts
     D:6: 131 daAuts
